[Event "*** Titled Tuesday Blitz"]
[Site "Chess.com"]
[Date "2019.02.05"]
[Round "10"]
[White "Tolya2"]
[Black "arctic_t00"]
[Result "1-0"]
[WhiteElo "2534"]
[BlackElo "2376"]
[TimeControl "180+2"]
[EndTime "15:27:55 PST"]
[Termination "Tolya2 won by resignation"]

1. Nf3 Nf6 2. d4 d5 3. c4 c6 4. Qc2 g6 5. cxd5 cxd5 6. Nc3 Nc6 7. Bf4 Bf5 8. Qb3 Na5 9. Qa4+ Bd7 10. Qd1 Bg7 11.
e3 O-O 12. Be2 Rc8 13. O-O Bg4 14. Rc1 Bxf3 15. gxf3 a6 16. b3 e6 17. Na4 Qe7 18. Qd2 Nc6 19. Nc5 Nh5 20. Bg3 f5 21. f4 Bf6 22. Bxh5 gxh5 23. f3 h4 24. Be1 Kh8 25.
Kh1 Rg8 26. Bf2 Rg6 27. Rg1 Rcg8 28. Rxg6 Rxg6 29. Rg1 h3 30. Rg3 Rxg3 31. hxg3 b6 32. Nxa6 Qa7 33. Qe2 Nd8 34. Qb5 Kg7 35. a4 Nf7 36.
Kh2 Nd6 37. Qd3 Nc4 38. Nb4 Na5 39. Nc2 Qc7 40. Kxh3 Qf7 41. Kg2 h5 42. Qb5 Qc7 43. Ne1 h4 44. gxh4 Qc1 45. Qxb6 Qd2 46. Kf1 Kf7 47.
h5 Be7 48. h6 1-0

[Event "*** Titled Tuesday Blitz"]
[Site "Chess.com"]
[Date "2019.02.05"]
[Round "10"]
[White "GelmanAlexander"]
[Black "Kurai"]
[Result "1-0"]
[WhiteElo "2516"]
[BlackElo "2480"]
[TimeControl "180+2"]
[EndTime "15:28:00 PST"]
[Termination "GelmanAlexander won by resignation"]

1. f4 d5 2. Nf3 Nf6 3. e3 e6 4. b3 Be7 5. Bb2 O-O 6. g3 c5 7.
Bg2 Nc6 8. O-O b6 9. Qe2 Bb7 10. d3 b5 11. Nbd2 a5 12. c4 Ba6 13. Ne5 Rc8 14.
Rad1 Nxe5 15. fxe5 Ne8 16. h4 Nc7 17. Qg4 Rb8 18.
cxd5 Nxd5 19. Rde1 a4 20. Ne4 Kh8 21. Nf6 Bb7 22. Qh5 gxf6 23. exf6 Nxf6 24. Qh6 Bxg2 25.
Rxf6 e5 26. Bxe5 Bxf6 27. Bxf6+ Qxf6 28. Qxf6+ Kg8 29. Kxg2 Rfe8 30. Rf1 Rb7 31. Rf4 Re6 32. Rg4+ Kf8 33. Qd8+ Re8 34. Qd6+ Ree7 35. Qxc5 axb3 36.
axb3 Rc7 37. Qb4 h5 38. Re4 Ke8 39. Rxe7+ Rxe7 40. Qxb5+ Kf8 41. Qxh5 Rxe3 42. Qh6+ 1-0

[Event "*** Titled Tuesday Blitz"]
[Site "Chess.com"]
[Date "2019.02.05"]
[Round "10"]
[White "StanislavNovikov"]
[Black "GM_dmitrij"]
[Result "0-1"]
[WhiteElo "2679"]
[BlackElo "2781"]
[TimeControl "180+2"]
[EndTime "15:28:01 PST"]
[Termination "GM_dmitrij won on time"]

1. g3 e5 2. Bg2 d5 3. c3 Nf6 4. d3 Bd6 5. Nd2 O-O 6. Qc2 a5 7. Ngf3 Re8 8. e4 Na6 9. O-O c6 10. Re1 Nc5 11. b3 Bc7 12. Bf1 Bg4 13. Bb2 a4 14. b4 a3 15. bxc5 axb2 16. Qxb2 dxe4 17. dxe4 Ra7 18. h3 Bxf3 19. Nxf3 Qe7 20. Qb4 Nd7 21.
Nd2 Ba5 22. Qb2 Nxc5 23. Qc2 b5 24. Red1 Bb6 25. Nb3 Ne6 26. h4 Rea8 27. Rd2 g6 28. Qd1 Nc5 29. Nxc5 Qxc5 30. Qf3 Ra3 31. Rd7 Rf8 32. Rd3 f5 33. Qe2 fxe4 34. Re3 Rxc3 35.
Rxc3 Qxc3 36. Qxe4 Bxf2+ 37. Kg2 Qxg3+ 0-1

[Event "*** Titled Tuesday Blitz"]
[Site "Chess.com"]
[Date "2019.02.05"]
[Round "10"]
[White "GMMatamoros"]
[Black "2165149677570"]
[Result "1-0"]
[WhiteElo "2501"]
[BlackElo "2317"]
[TimeControl "180+2"]
[EndTime "15:28:01 PST"]
[Termination "GMMatamoros won by resignation"]

1. Nf3 c5 2. c4 Nc6 3. g3 g6 4.
Bg2 Bg7 5. Nc3 e5 6. a3 Nge7 7. b4 d6 8. Rb1 O-O 9. O-O Be6 10. d3 h6 11. bxc5 dxc5 12. Rxb7 Rb8 13. Rb5 Nd4 14. Rxc5 Qd6 15. Ne4 Qa6 16. Nxd4 exd4 17.
Bd2 Qxa3 18. Ra5 Qb2 19. Rxa7 Nc6 20. Ra6 Nb4 21. Ra4 Na2 22. Qa1 Nc3 23. Bxc3 dxc3 24. Ra2 Qxa1 25. Raxa1 Rb2 26. Rac1 c2 27. e3 Ra8 28.
Nf6+ Bxf6 29. Bxa8 Bc3 30. Be4 Bd2 31. Kg2 f5 32.
Bd5 Bxd5+ 33. cxd5 Kf7 34. Kf3 Ke7 35. Ke2 Bxc1 36.
Rxc1 Kd6 37. Kd2 Kxd5 38. Rxc2 Rb1 39. Ra2 Rh1 40. h4 g5 41. Ra5+ Ke6 42. Ra6+ 1-0

[Event "*** Titled Tuesday Blitz"]
[Site "Chess.com"]
[Date "2019.02.05"]
[Round "10"]
[White "Witik"]
[Black "ChessWarrior7197"]
[Result "1/2-1/2"]
[WhiteElo "2651"]
[BlackElo "2866"]
[TimeControl "180+2"]
[EndTime "15:28:03 PST"]
[Termination "Game drawn by agreement"]

1. d4 Nf6 2. c4 e6 3. Nf3 b6 4.
g3 Bb7 5. Bg2 Be7 6. O-O O-O 7. d5 Na6 8. Nc3 Bb4 9. Bd2 Nc5 10.
Nd4 Bxc3 11. Bxc3 exd5 12. Nf5 Nce4 13. Bxe4 dxe4 14. Qd2 Ne8 15. Qf4 f6 16. Rad1 d6 17. h4 Qd7 18. h5 Qe6 19. b3 Rd8 20. g4 Rd7 21. f3 c5 22. Kh2 Bc6 23. Rg1 exf3 24.
exf3 Qe2+ 25. Kg3 Qxa2 26. Rge1 Qxb3 27. Rd3 Qc2 28. Rde3 Nc7 29. Ne7+ Rxe7 30. Rxe7 Qxc3 31. R1e3 Qa1 32. Rxc7 Qg1+ 33. Kh3 Qh1+ 34. Kg3 Qg1+ 35.
Kh3 Qf1+ 36. Kg3 Be8 37. Ree7 Bf7 38. Qe3 Qxc4 39. h6 gxh6 40. Qxh6 Qf1 41. Qxf8+ 1/2-1/2

[Event "*** Titled Tuesday Blitz"]
[Site "Chess.com"]
[Date "2019.02.05"]
[Round "10"]
[White "Chess2019Player"]
[Black "AryanTari"]
[Result "0-1"]
[WhiteElo "2073"]
[BlackElo "2803"]
[TimeControl "180+2"]
[EndTime "15:28:05 PST"]
[Termination "AryanTari won by resignation"]

1. e4 c6 2. d4 d5 3. e5 Bf5 4.
Ne2 e6 5. Ng3 Bg6 6. h4 h6 7. h5 Bh7 8. Bd3 Bxd3 9. cxd3 Nd7 10. Nc3 Ne7 11. O-O Nc8 12. Re1 Be7 13. Qg4 Kf8 14.
Bd2 b5 15. Rac1 Ncb6 16. f4 Bh4 17. Be3 Bxg3 18. Qxg3 f5 19. exf6 Qxf6 20. Rf1 Qf5 21. Bf2 Nf6 22. Nd1 Rc8 23. Ne3 Qxh5 24. f5 exf5 25.
Qd6+ Kg8 26. Qe6+ Kh7 27. Qxf5+ Qxf5 28. Nxf5 Rhf8 29. Bg3 Ng4 30. Ne7 Rxf1+ 31. Rxf1 Re8 32. Nxc6 Re2 33. Rf4 h5 34. Rf5 Rxb2 35. Rxh5+ Kg6 36. Re5 Nxe5 37. Nxe5+ Kf5 38. a3 Rb3 39. Nf7 Nc8 40. Be5 Rxa3 41. Nd8 b4 42. Nc6 b3 43. Nb4 b2 0-1

[Event "*** Titled Tuesday Blitz"]
[Site "Chess.com"]
[Date "2019.02.05"]
[Round "10"]
[White "Blitzstream"]
[Black "MasterKroket"]
[Result "1-0"]
[WhiteElo "2551"]
[BlackElo "2395"]
[TimeControl "180+2"]
[EndTime "15:28:07 PST"]
[Termination "Blitzstream won by resignation"]

1. d4 Nf6 2. Bg5 e6 3. e4 h6 4.
Bxf6 Qxf6 5. c3 b6 6. Bd3 Bb7 7.
Ne2 g5 8. O-O Qe7 9. f4 g4 10. f5 exf5 11. Rxf5 Bg7 12. Nd2 Nc6 13. Nf4 O-O-O 14. Qxg4 Rdg8 15. Qf3 Bxd4+ 16. cxd4 Nxd4 17. Qf2 Nxf5 18. exf5 Rg4 19. g3 Rhg8 20. Bf1 Qb4 21. Nc4 b5 22. a3 Qa4 23. b3 Qxb3 24. Na5 Qc3 25. Nxb7 Qxa1 26. Qxa7 d6 27. Nd5 Qd4+ 28. Qxd4 Rxd4 29. Nxd6+ Kb8 30. Ne7 Rxd6 31. Nxg8 c6 32. f6 Kc7 33. Kf2 Kb6 34. Ke3 Ka5 35. Ke4 Ka4 36.
Ke5 Kxa3 37. Kxd6 b4 38. Bc4 1-0

[Event "*** Titled Tuesday Blitz"]
[Site "Chess.com"]
[Date "2019.02.05"]
[Round "10"]
[White "maciek_92"]
[Black "iturrizaga"]
[Result "0-1"]
[WhiteElo "2761"]
[BlackElo "2853"]
[TimeControl "180+2"]
[EndTime "15:28:09 PST"]
[Termination "iturrizaga won by resignation"]

1. c4 Nf6 2. Nc3 c5 3. g3 g6 4. Bg2 Bg7 5. b3 O-O 6. Ba3 d6 7. e3 Nc6 8. Nge2 Qd7 9. O-O b6 10. d4 Bb7 11. d5 Na5 12. Bb2 a6 13. Na4 Qc7 14. Qd2 b5 15. Bc3 b4 16. Bb2 Bc8 17. Rac1 Bd7 18. Qc2 Bxa4 19. bxa4 Rab8 20. Bxf6 Bxf6 21. Rb1 Qd7 22. Nc1 Bc3 23. Ne2 Nxc4 24. Nxc3 bxc3 25. Qxc3 Qxa4 26. h4 h5 27. Rb3 Qxa2 28.
Rxb8 Rxb8 29. Rc1 Rb1 30. Bf1 Rxc1 31. Qxc1 Ne5 32. Qd1 a5 33. Be2 a4 34. f4 Nd7 35. g4 hxg4 36. h5 Qb3 37. Qd2 a3 38. hxg6 a2 39. gxf7+ Kxf7 40. Qe1 0-1

[Event "*** Titled Tuesday Blitz"]
[Site "Chess.com"]
[Date "2019.02.05"]
[Round "10"]
[White "KlyashtornyVladislav"]
[Black "HouseOfDurin"]
[Result "0-1"]
[WhiteElo "2188"]
[BlackElo "1948"]
[TimeControl "180+2"]
[EndTime "15:28:09 PST"]
[Termination "HouseOfDurin won by checkmate"]

1. e4 c5 2. Nf3 Nc6 3. d4 cxd4 4. Nxd4 e5 5. Nb5 d6 6. N1c3 a6 7. Na3 b5 8. Nd5 Be6 9. c4 b4 10. Nc2 a5 11. Bd3 Be7 12. O-O Nf6 13. b3 O-O 14. a3 Nd7 15. axb4 Bxd5 16. exd5 Nxb4 17. Nxb4 axb4 18.
Bd2 Qb6 19. Qg4 Nc5 20. Bc2 g6 21. Be3 Ra3 22. Rab1 f5 23. Qd1 f4 24. Bc1 Ra2 25.
Kh1 Rfa8 26. Bb2 Bf6 27. Qg4 Kg7 28. h4 h5 29. Qh3 Qd8 30. g3 e4 31. Bxf6+ Qxf6 32. Bd1 f3 33. Kg1 Rd2 34. g4 Raa2 35. gxh5 gxh5 36. Qg3+ Qg6 37. Rc1 Qxg3+ 38. fxg3 Nd3 39.
Rb1 Rg2+ 40. Kh1 Rh2+ 41. Kg1 Rag2# 0-1

[Event "*** Titled Tuesday Blitz"]
[Site "Chess.com"]
[Date "2019.02.05"]
[Round "10"]
[White "Alopekos"]
[Black "Koksik_13"]
[Result "1-0"]
[WhiteElo "2520"]
[BlackElo "2656"]
[TimeControl "180+2"]
[EndTime "15:28:19 PST"]
[Termination "Alopekos won on time"]

1. e4 a6 2. d4 b5 3. Nf3 Bb7 4. Bd3 e6 5. O-O d5 6. e5 c5 7. c3 Nh6 8. Ng5 Nc6 9. Nxh7 Be7 10. Bxh6 gxh6 11. Qg4 Qb6 12. Qg7 O-O-O 13. Qxf7 Kb8 14.
Nf6 Bxf6 15. exf6 cxd4 16. Qxe6 Ka7 17. f7 Rhf8 18. a4 b4 19. a5 Qc7 20. cxb4 Rxf7 21. b5 axb5 22. Na3 Rd6 23. Nxb5+ Kb8 24. Qxd6 Qxd6 25. Nxd6 Rg7 26. Rfe1 Nb4 27. Ra3 Ka7 28.
a6 Bc6 29. Rb3 Na2 30. Ra1 Re7 31. Nc8+ Ka8 32. Nxe7 Ba4 33. Ra3 Nc3 34. bxc3 dxc3 35. Rxa4 c2 36. Bxc2 d4 37. Rb1 d3 38. Bxd3 1-0

[Event "*** Titled Tuesday Blitz"]
[Site "Chess.com"]
[Date "2019.02.05"]
[Round "10"]
[White "Hieronymus00"]
[Black "HindsightIs2700"]
[Result "0-1"]
[WhiteElo "2174"]
[BlackElo "2257"]
[TimeControl "180+2"]
[EndTime "15:28:19 PST"]
[Termination "HindsightIs2700 won by checkmate"]

1. e4 c5 2. Nf3 d6 3. d4 cxd4 4. Nxd4 Nf6 5. Nc3 a6 6. Bg5 Nbd7 7. Bc4 Qb6 8. Bb3 e6 9. Be3 Nc5 10. Qf3 Qc7 11. O-O-O Be7 12. g4 b5 13. g5 Nfd7 14. Rhe1 Bb7 15. Qg4 Ne5 16. Qh4 b4 17. Na4 Nxe4 18.
f4 Ng6 19. Qh3 O-O 20. Nxe6 fxe6 21. Bxe6+ Kh8 22. f5 Nxg5 23. Bxg5 Bxg5+ 24. Kb1 Nf4 25. Qg4 Nxe6 26. fxe6 Bf6 27. Rd3 Rac8 28. Rc1 Qc4 29.
Qh3 Be4 30. Nb6 Qc6 31. Nxc8 Rxc8 32. Rg3 Bxc2+ 33. Ka1 Qe8 34. Qg2 Bf5 35. Qg1 Bxe6 36. Re3 Qd7 37. Rce1 Bf7 38. h4 h6 39. h5 Qc6 40.
Rd1 Qc2 41. Ree1 Qxb2# 0-1

[Event "*** Titled Tuesday Blitz"]
[Site "Chess.com"]
[Date "2019.02.05"]
[Round "10"]
[White "Caterpiller35"]
[Black "x-5963514717"]
[Result "1-0"]
[WhiteElo "2256"]
[BlackElo "2432"]
[TimeControl "180+2"]
[EndTime "15:28:19 PST"]
[Termination "Caterpiller35 won by resignation"]

1. d4 Nf6 2. Bg5 d5 3. e3 c5 4. Bxf6 gxf6 5. dxc5 e6 6. Nc3 Bxc5 7. Qh5 Bb4 8. Ne2 Nc6 9. a3 Ba5 10. O-O-O Qe7 11.
g3 Bd7 12. Bg2 Rc8 13. Bxd5 exd5 14. Nxd5 Qe5 15. Qxe5+ Nxe5 16. f4 Bf5 17. Nd4 Ng4 18. Nxf5 Rc5 19. Nd6+ Kd7 20. Nxb7 Rxd5 21. Rxd5+ Kc6 22.
Rxa5 Kxb7 23. h3 Nxe3 24. Re1 Re8 25. Rh5 Re7 26. Rxh7 Kc6 27. g4 Kd5 28. Rh6 Ke4 29. Rxf6 Kf3 30. f5 Kf2 31. Rxe3 Kxe3 32. b4 Kf4 33. Kb2 Kg3 34. Rh6 Kf4 35. Kb3 Ke4 36.
c4 Kd4 37. c5 Re3+ 38. Ka4 Kc4 39. c6 Re7 40. Rd6 Rc7 41. b5 Kc5 42. Rd7 Rc8 43. Rxf7 a6 44. bxa6 Kxc6 45. a7 Kc5 46. h4 Kd4 47. Rb7 Rc4+ 48. Rb4 Kc5 49. Rxc4+ Kb6 50.
Rb4+ 1-0

[Event "*** Titled Tuesday Blitz"]
[Site "Chess.com"]
[Date "2019.02.05"]
[Round "10"]
[White "King_of_the_wing"]
[Black "Supelyel"]
[Result "0-1"]
[WhiteElo "2181"]
[BlackElo "2323"]
[TimeControl "180+2"]
[EndTime "15:28:22 PST"]
[Termination "Supelyel won by resignation"]

1. e4 c5 2. Nf3 Nc6 3. d4 cxd4 4. Nxd4 Nf6 5. Nc3 d6 6. Bb5 Bd7 7. O-O e5 8. Nxc6 bxc6 9. Bc4 Be7 10. Be3 O-O 11.
h3 Be6 12. Bxe6 fxe6 13. f4 exf4 14. Rxf4 Qa5 15. Qd2 Rfe8 16. Nd5 Qxd2 17. Nxe7+ Rxe7 18. Bxd2 e5 19. Rh4 h6 20. Kf2 g5 21. Rxh6 Kg7 22. Bxg5 Nxe4+ 23. Ke3 Nxg5 24. Rxd6 Re6 25. Rd7+ Nf7 26. Rf1 Rf6 27. Rxf6 Kxf6 28. Rc7 Ke6 29.
Rxc6+ Nd6 30. c4 Kd7 31. Rc5 Re8 32. b3 e4 33. g4 Rf8 34. Ra5 Rf3+ 35. Kd4 Rd3+ 36.
Ke5 e3 37. Rxa7+ Kd8 38. Kf6 Ne4+ 39. Kf5 e2 40. Ra8+ Kd7 41. Kxe4 Rd1 42. Ra7+ Kc8 0-1

[Event "*** Titled Tuesday Blitz"]
[Site "Chess.com"]
[Date "2019.02.05"]
[Round "10"]
[White "iLuusions"]
[Black "Frolik67"]
[Result "1-0"]
[WhiteElo "2627"]
[BlackElo "2526"]
[TimeControl "180+2"]
[EndTime "15:28:24 PST"]
[Termination "iLuusions won by checkmate"]

1. d4 e6 2. c4 d5 3. Nf3 Nf6 4.
g3 c6 5. Qc2 Be7 6. Bg2 O-O 7.
O-O Nbd7 8. Rd1 Re8 9. b3 h6 10. Nc3 b6 11. e4 Bb7 12. Bb2 Rc8 13.
Rac1 a5 14. e5 Nh7 15. cxd5 cxd5 16. Qe2 Nb8 17. h4 Ba6 18. Qe3 Qd7 19. a4 Nc6 20.
Nb5 Bxb5 21. axb5 Na7 22. Bf1 Nxb5 23. Bd3 Na7 24. Qf4 Nf8 25. g4 Rxc1 26. Rxc1 Rc8 27. Rd1 Ng6 28. Qg3 Qd8 29. g5 h5 30. Ne1 Nf8 31.
g6 fxg6 32. Ng2 Nc6 33. Bxg6 Nb4 34. Bb1 b5 35. Kh2 a4 36. bxa4 bxa4 37. Rg1 Qc7 38. Nf4 Bd8 39. Nxh5 Qf7 40. Nxg7 a3 41. Nf5+ Kh8 42.
Nh6 Qh7 43. Qg8+ Qxg8 44. Rxg8# 1-0

[Event "*** Titled Tuesday Blitz"]
[Site "Chess.com"]
[Date "2019.02.05"]
[Round "10"]
[White "LuisFSiles"]
[Black "sergeikim"]
[Result "0-1"]
[WhiteElo "2272"]
[BlackElo "2467"]
[TimeControl "180+2"]
[EndTime "15:28:30 PST"]
[Termination "sergeikim won on time"]

1. e4 e5 2. Nf3 Nc6 3. Bc4 Bc5 4. O-O Nf6 5. d4 Bxd4 6. Nxd4 Nxd4 7. Bg5 d6 8. f4 Be6 9. Na3 Qe7 10. c3 Nc6 11. f5 Bxc4 12. Nxc4 Nb8 13. Qb3 b6 14. Ne3 c6 15. Rad1 O-O 16. Ng4 Nbd7 17. Qa3 Nc5 18.
Rfe1 a5 19. Re3 Kh8 20. b3 b5 21. Bxf6 gxf6 22. Qc1 Rg8 23. h3 Rg5 24. b4 Nb7 25. Qd2 axb4 26. cxb4 Rag8 27. Re2 Qd8 28. Rc1 c5 29.
Nh6 Rf8 30. Qd5 Qe7 31. bxc5 Nxc5 32. Rb1 Rh5 33. Ng4 Rb8 34. Reb2 Qa7 35. Rxb5 Nxe4+ 36. Kh2 Rxb5 37. Rxb5 Ng5 38. Nxf6 Rxh3+ 39. gxh3 Qf2+ 40. Qg2 Nf3+ 41. Kh1 Qe1+ 0-1

[Event "*** Titled Tuesday Blitz"]
[Site "Chess.com"]
[Date "2019.02.05"]
[Round "10"]
[White "wenx95"]
[Black "ruvat"]
[Result "1-0"]
[WhiteElo "2514"]
[BlackElo "2312"]
[TimeControl "180+2"]
[EndTime "15:28:33 PST"]
[Termination "wenx95 won on time"]

1. c4 d6 2. g3 e5 3. Bg2 f5 4. d4 Be7 5. dxe5 dxe5 6. Qxd8+ Bxd8 7. Nc3 Na6 8. Nf3 e4 9. Nd4 Nf6 10. h3 c6 11. Be3 O-O 12. O-O Be7 13. Rfd1 Nc5 14.
b4 Ne6 15. a3 Nxd4 16. Bxd4 Be6 17. c5 Rad8 18. e3 Nd5 19. Nxd5 Bxd5 20. Rab1 Kf7 21.
h4 g6 22. Bf1 h6 23. Be2 Ke6 24. a4 g5 25. h5 Rg8 26. b5 f4 27. Bg4+ Kf7 28. a5 cxb5 29. Rxb5 Bc6 30. Rb2 a6 31. Rdb1 Rb8 32. Kf1 Bf6 33. Ke2 Rgd8 34. Rd2 Bxd4 35. exd4 Bd5 36. Rb6 Bc6 37. d5 Rxd5 38.
Rxd5 Bxd5 39. Rxh6 Bc4+ 40. Ke1 fxg3 41. fxg3 e3 42. Rd6 Re8 43. h6 1-0

[Event "*** Titled Tuesday Blitz"]
[Site "Chess.com"]
[Date "2019.02.05"]
[Round "10"]
[White "HanSchut"]
[Black "ZeroRealtorFade"]
[Result "1-0"]
[WhiteElo "2306"]
[BlackElo "2238"]
[TimeControl "180+2"]
[EndTime "15:28:37 PST"]
[Termination "HanSchut won on time"]

1. e4 Nc6 2. Nf3 d6 3. d4 Nf6 4. d5 Nb8 5. Bd3 g6 6. c4 Bg7 7. Nc3 O-O 8. O-O c6 9. dxc6 Nxc6 10. h3 Bd7 11. Be3 a6 12. Rc1 Rc8 13. b3 Qa5 14. Qd2 Ne5 15. Be2 Nxf3+ 16. Bxf3 Rfe8 17. e5 Qxe5 18. Bxb7 Rb8 19. Bxa6 Ne4 20. Nxe4 Qxe4 21. a4 Rxb3 22.
Bb5 Bxb5 23. axb5 Rc8 24. Qe2 Bd4 25. Qa2 Rxe3 26. fxe3 Bxe3+ 27. Kh1 Bxc1 28. Rxc1 Qe3 29.
Qb1 Rb8 30. Re1 Qc5 31. Rc1 Ra8 32. Qc2 Ra3 33. Rb1 Ra8 34. b6 Rb8 35. Qb3 e5 36.
Kh2 e4 37. Kg3 Qe5+ 38. Kf2 f5 39. c5+ d5 40. c6 Qd4+ 41. Kf1 1-0

[Event "*** Titled Tuesday Blitz"]
[Site "Chess.com"]
[Date "2019.02.05"]
[Round "10"]
[White "Godzillator"]
[Black "sandager"]
[Result "1-0"]
[WhiteElo "2386"]
[BlackElo "2126"]
[TimeControl "180+2"]
[EndTime "15:28:39 PST"]
[Termination "Godzillator won by checkmate"]

1. d4 Nf6 2. c4 g6 3. Nc3 d5 4.
Nf3 Bg7 5. h4 h5 6. cxd5 Nxd5 7.
Qb3 Nb6 8. e4 O-O 9. Be3 c6 10. Rd1 Be6 11. Qc2 Na6 12. a3 Qc8 13. Ng5 Bg4 14. f3 Bd7 15. Bxa6 bxa6 16. O-O f6 17.
Qb3+ e6 18. Nh3 Kh7 19. e5 Nd5 20. Nxd5 cxd5 21. exf6 Bxf6 22. Ng5+ Kg7 23. Rc1 Qd8 24. Qd3 Rb8 25. b4 Bb5 26. Qxb5 Bxg5 27. Bxg5 axb5 28.
Bxd8 Rbxd8 29. Rc7+ Rf7 30. Rfc1 Rdd7 31. Rxd7 Rxd7 32.
Rc5 Rb7 33. Kf2 Kf6 34. g4 Ke7 35. Ke3 Kd6 36. Kf4 Rf7+ 37. Kg5 Rxf3 38. gxh5 gxh5 39. Kxh5 Rf4 40. Kg5 Rxd4 41. h5 a6 42. h6 Rd1 43.
Rc8 Rg1+ 44. Kf6 Rh1 45. Kg7 e5 46. Ra8 e4 47. Rxa6+ Ke5 48. a4 bxa4 49. Rxa4 e3 50. Ra2 d4 51. b5 d3 52. b6 Rb1 53. h7 Rxb6 54. h8=Q d2 55. Kf7+ Ke4 56. Qh4+ Kd3 57. Ra3+ Kc2 58. Qc4+ Kb1 59. Qf1+ Kb2 60. Qa1+ Kc2 61.
Rc3# 1-0

[Event "*** Titled Tuesday Blitz"]
[Site "Chess.com"]
[Date "2019.02.05"]
[Round "10"]
[White "EugeneRougon"]
[Black "regular_legs"]
[Result "1-0"]
[WhiteElo "2593"]
[BlackElo "2486"]
[TimeControl "180+2"]
[EndTime "15:28:40 PST"]
[Termination "EugeneRougon won by resignation"]

1. e4 e6 2. d4 d5 3. Nd2 c5 4.
Ngf3 cxd4 5. exd5 Qxd5 6. Bc4 Qd7 7. O-O Nc6 8. Nb3 a6 9. Nbxd4 Nxd4 10. Nxd4 Qc7 11.
Bb3 Bd6 12. h3 Nf6 13. Qf3 O-O 14. Bg5 Be5 15. c3 b5 16. Qxa8 Bb7 17. Qxf8+ Kxf8 18. Rad1 h6 19. Bc1 Nd5 20. Rfe1 Kg8 21. Nf3 Bf6 22. Rd3 Nb6 23. Nd4 Nc4 24. a4 Qc5 25. axb5 axb5 26.
Rg3 h5 27. Rd3 Qd5 28. Rf3 h4 29. Bxc4 bxc4 30. Nc2 Qc6 31. Ne3 Qc7 32. Rxf6 gxf6 33. Ng4 Kg7 34. Bh6+ Kg6 35. Be3 Qc6 36. f3 Qb5 37.
Re2 Bd5 38. Bf2 e5 39. Bxh4 Be6 40. Nxf6 Qa4 41. Kh2 Qd1 42. Rxe5 Qd2 43. Ne4 Qxb2 44. Rg5+ Kh6 45. Bg3 Qc1 46. h4 Qe3 47. Be5 Qxg5 48.
hxg5+ Kg6 49. Kg3 Bf5 50. Kf4 Be6 51. g4 Bd5 52. Nf6 Be6 53. Ne4 Bd5 54. Bf6 Be6 55.
Kg3 Bd5 56. Nd2 Be6 57. f4 Bd5 58. f5+ Kh7 59. Kf4 Kg8 60. Ke5 1-0

[Event "*** Titled Tuesday Blitz"]
[Site "Chess.com"]
[Date "2019.02.05"]
[Round "10"]
[White "LyonBeast"]
[Black "leoo2001"]
[Result "1/2-1/2"]
[WhiteElo "2913"]
[BlackElo "2808"]
[TimeControl "180+2"]
[EndTime "15:28:43 PST"]
[Termination "Game drawn by agreement"]

1. e4 e5 2. Nf3 Nc6 3. Bb5 Nf6 4.
O-O Nxe4 5. d4 Nd6 6. Bxc6 dxc6 7. dxe5 Nf5 8. Qxd8+ Kxd8 9. h3 Ke8 10. Nc3 Be6 11. Rd1 Be7 12. Bg5 h6 13. Bxe7 Nxe7 14.
Nd4 Rd8 15. f4 Nd5 16. Nxd5 Bxd5 17. Kf2 g6 18. Rd2 Ke7 19. Rad1 Be6 20. g4 c5 21. Nb5 Rxd2+ 22. Rxd2 h5 23. Kg3 hxg4 24. hxg4 Rh1 25. Nxc7 Rg1+ 26. Kf3 Bxg4+ 27. Kf2 Ra1 28. Nd5+ Ke6 29. Ne3 Bf5 30. a3 Be4 31. c3 Rc1 32. Kg3 Re1 33. Kf2 Rc1 34. Rd6+ Ke7 35. Rd1 Rxd1 36.
Nxd1 Ke6 37. Ne3 g5 38. Kg3 gxf4+ 39. Kxf4 Bd3 40. Ng4 b6 41. Nf6 a5 42. Ne8 Bc4 43.
Ng7+ Kd5 44. Kf5 Bd3+ 45. Kf6 a4 46. Ne8 Be2 47. Nd6 Bh5 48. Nc8 Kc4 49. Nxb6+ Kb3 50.
c4 Kxb2 51. Nxa4+ Kxa3 52. Nb6 Kb4 53. Kg7 Kc3 54. Kh6 Bf3 55. Kg5 Be2 56. Kf6 Bh5 57. Ke7 Kd4 58. Kd6 Bg4 59. Na4 Kxc4 60. Nxc5 1/2-1/2

[Event "*** Titled Tuesday Blitz"]
[Site "Chess.com"]
[Date "2019.02.05"]
[Round "10"]
[White "wonderfultime"]
[Black "RoelandPruijssers"]
[Result "1-0"]
[WhiteElo "2874"]
[BlackElo "2563"]
[TimeControl "180+2"]
[EndTime "15:28:45 PST"]
[Termination "wonderfultime won by resignation"]

1. d4 d5 2. Nf3 Nf6 3. Bf4 c5 4. c3 Nc6 5. e3 e6 6. Nbd2 Nh5 7. Be5 f6 8. Bg3 Nxg3 9. hxg3 f5 10. Bb5 Bd6 11.
Qa4 Bd7 12. dxc5 Bxc5 13. Rd1 a6 14. Bxc6 Bxc6 15. Qf4 Bd6 16. Qd4 O-O 17. Nc4 dxc4 18. Qxd6 Qxd6 19. Rxd6 Rfe8 20. Ng5 h6 21. Nxe6 Bxg2 22.
Rh4 Be4 23. Nc5 Re5 24. Nxe4 fxe4 25. Rd4 Rb5 26. Rhxe4 Rxb2 27. Re7 Rf8 28. f4 Rf6 29. g4 Rxa2 30. f5 Rb6 31. Rd8+ Kh7 32. Rd2 Rxd2 33. Kxd2 a5 34. e4 a4 35. Re8 a3 36. Ra8 h5 37. gxh5 Kh6 38. e5 Kg5 39. e6 Kf6 40. Rf8+ Ke7 41. Rf7+ Ke8 42. Rxg7 a2 43. Rg8+ Ke7 44.
Rg7+ Kf6 45. Rf7+ Kg5 46. Rg7+ Kxf5 47. Rg1 Rb1 48. e7 Ra1 49. Rxa1 1-0

[Event "*** Titled Tuesday Blitz"]
[Site "Chess.com"]
[Date "2019.02.05"]
[Round "10"]
[White "r31415"]
[Black "Vugar_Manafov"]
[Result "0-1"]
[WhiteElo "2289"]
[BlackElo "2367"]
[TimeControl "180+2"]
[EndTime "15:28:48 PST"]
[Termination "Vugar_Manafov won by resignation"]

1. e4 c5 2. Nf3 d6 3. d4 cxd4 4.
Nxd4 Nf6 5. Nc3 Nc6 6. h3 e5 7.
Nde2 Be6 8. Be3 Be7 9. g4 a6 10. Bg2 b5 11. Ng3 O-O 12. O-O Rc8 13. Qd2 Na5 14. b3 Qc7 15. Nd5 Bxd5 16. exd5 Nb7 17. g5 Nd7 18. Nf5 Rfe8 19. Nxe7+ Rxe7 20. Rac1 Nbc5 21. c4 b4 22. h4 a5 23. Bh3 Rce8 24.
f3 Nf8 25. Bf5 Ng6 26. h5 Nf4 27. Bxf4 exf4 28. Qxf4 Re2 29. Rf2 Rxf2 30. Kxf2 Qe7 31. Qd2 Qe5 32. Re1 Qh2+ 33. Kf1 Qh1+ 34. Kf2 Rxe1 35.
Qxe1 Qh2+ 36. Kf1 Kf8 37. Qf2 Qxh5 38. Qg3 Ke7 39. Kg2 h6 40. Qe1+ Kd8 41. gxh6 Qxh6 42. Qg3 Qf6 43. Bc2 g6 44. Qf2 Kc7 45. Qg3 Qc3 46. Be4 Qd2+ 47. Kh3 f5 48. Bb1 Qc1 49. Qxg6 Qxb1 50. Qh7+ Nd7 51. Qh8 Qh1+ 0-1

[Event "*** Titled Tuesday Blitz"]
[Site "Chess.com"]
[Date "2019.02.05"]
[Round "10"]
[White "kleinebeer98"]
[Black "Fins0905"]
[Result "1-0"]
[WhiteElo "2729"]
[BlackElo "2647"]
[TimeControl "180+2"]
[EndTime "15:28:52 PST"]
[Termination "kleinebeer98 won by resignation"]

1. e4 d5 2. exd5 Qxd5 3. Nf3 Nf6 4. Be2 Bg4 5. O-O e6 6. h3 Bh5 7. Nc3 Qa5 8. d4 Nbd7 9. a3 c6 10. Bf4 Be7 11. b4 Qd8 12. Re1 O-O 13. Bh2 h6 14. Qb1 Bg6 15. Qb3 Nd5 16. Nd1 b5 17. c3 a5 18. Nb2 axb4 19. axb4 Qb6 20. Bd3 Bxd3 21. Nxd3 Ra7 22. Nfe5 Nxe5 23. Nxe5 Rfa8 24. Rxa7 Rxa7 25. Bg3 Ra4 26. Qc2 Nxc3 27. Qxc3 Bxb4 28. Qf3 Bxe1 29. Qxf7+ Kh7 30. Qg6+ Kg8 31. Qxe6+ Kh7 32.
Qg6+ Kg8 33. Nxc6 Qb7 34. d5 Qf7 35. Qd3 Bxf2+ 36. Kh2 Bxg3+ 37. Qxg3 Kh7 38. d6 Qe6 39. Qd3+ Kh8 40. d7 Ra8 41. d8=Q+ Rxd8 42. Qxd8+ Kh7 43. Qd3+ Kh8 44. Qxb5 Qd6+ 45. Ne5 Qd4 46. Qe8+ Kh7 47. Qg6+ Kh8 48. Qg3 Qe4 49. Nf3 Kh7 50. Qe5 Qd3 51. Nd4 Kh8 52. Nf5 Qd7 53. Nxh6 Kh7 54. Nf5 g6 55. Ne3 g5 56. Ng4 Kg6 57. Qf6+ 1-0